 Dungeon Crawl Stone Soup version 0.22-a0-812-g4c1e2d5471 (webtiles) character file.

1166 Htamos the Cleaver (level 8, -4/73 HPs)
             Began as a Hill Orc Fighter on July 23, 2018.
             Was a Follower of Beogh.
             Slain by Grinder (5 damage)
             ... on level 5 of the Dungeon.
             The game lasted 00:09:25 (5177 turns).

Htamos the Cleaver (Hill Orc Fighter)               Turns: 5177, Time: 00:09:27

Health: -4/73      AC:  9    Str: 19    XL:     8   Next: 40%
Magic:  8/8        EV:  8    Int:  8    God:    Beogh [*.....]
Gold:   249        SH:  9    Dex: 12    Spells: 7/7 levels left

rFire    . . .     SeeInvis .   a - +1 war axe
rCold    . . .     Gourm    .   c - +0 shield
rNeg     . . .     Faith    .   m - +3 ring mail
rPois    .         Spirit   .   p - +0 helmet
rElec    .         Reflect  .   (no cloak)
rCorr    .         Harm     .   (no gloves)
MR       .....                  (no boots)
Stlth    +.........             (no amulet)
HPRegen  0.22/turn              (no ring)
MPRegen  0.11/turn              (no ring)

@: no status effects
A: no striking features
a: Renounce Religion


You were on level 5 of the Dungeon.
You worshipped Beogh.
Beogh was aware of your devotion.
You were not hungry.

You visited 1 branch of the dungeon, and saw 5 of its levels.

You collected 249 gold pieces.

Inventory:

Hand Weapons
 a - a +1 war axe (weapon)
 h - a +0 great mace of protection
 l - a cursed -1 short sword
Armour
 b - a +0 scale mail
 c - a +0 shield (worn)
 m - a +3 ring mail (worn)
 p - a +0 helmet (worn)
Jewellery
 g - an uncursed ring of poison resistance {unknown}
Wands
 d - a wand of polymorph (11)
 n - a wand of flame (21)
Scrolls
 j - a scroll of teleportation {unknown}
 k - 2 scrolls of identify
 o - 4 scrolls of enchant weapon
Potions
 e - 2 potions of flight
 i - 4 potions of degeneration
Comestibles
 f - 8 rations


   Skills:
 + Level 7.6 Fighting
 * Level 10.6 Axes
 - Level 3.2 Armour
 - Level 3.2 Shields


You had 7 spell levels left.
You didn't know any spells.
Your spell library contained the following spells:

 Spells                   Type           Power        Failure   Level  Hunger
 Confuse                  Hex            #.......     100%        3    ####...
 Confusing Touch          Hex            #.....       98%         1    ##.....
 Metabolic Englaciation   Hex/Ice        #.........   100%        5    ######.
 Petrify                  Tmut/Erth      #.......     100%        4    #####..
 Gell's Gravitas          Tloc           #.........   100%        3    ####...
 Yara's Violent Unravell  Hex/Tmut       #.........   100%        5    ######.


Dungeon Overview and Level Annotations

Branches:
Dungeon (5/15)             Temple (0/1) D:4

Altars:
Dithmenos
Kikubaaqudgha
Makhleb
Nemelex Xobeh
Okawaru
Ru
Uskayaw
Wu Jian
The Shining One

Annotations:
D:5 Grinder


Message History

You hit Grinder but do no damage.
Grinder is moderately wounded.
You hit the ice beast but do no damage. You block the ice beast's attack.
Grinder gestures at you. Pain shoots through your body!
* * * LOW HITPOINT WARNING * * *
Unknown command.
You hit Grinder.
Grinder is heavily wounded.
You hit the ice beast. You block Grinder's attack.
You block the ice beast's attack.
Unknown command.
You slash Grinder!
Grinder is almost dead.
You hit the ice beast but do no damage.
The ice beast hits you but does no damage.
Grinder hits you.
* * * LOW HITPOINT WARNING * * *
You writhe in agony.
You die...

###### ######....#
#.........#
#.........### #
#.##.........#.###.#
#.##.........+.....#.
#.##........Y#.."....
#.##.........@.#
#.##........5..#
#.##..............
####.###'###....#.#....
.........#
######.#[.#..
####.########### .# .#
. ................ .. .
##.#####.####### .# #.
................


You could see Grinder and an ice beast.

Vanquished Creatures
  Sigmund (D:4)
  The ghost of grizmgrazm2 the Scratcher, an amateur FeTm of Dithmenos (D:4)
  Menkaure (D:4)
  An ice beast (D:4)
  A phantom (D:5)
  Blork the orc (D:4)
  A scorpion (D:5)
  A hound (D:4)
  2 centaur skeletons
  2 iguanas (D:4)
  Natasha (thrice) (D:2)
  2 worker ants
  A hound skeleton (D:4)
  Robin (D:2)
  5 adders
  An ooze (D:1)
  An adder zombie (D:5)
  A worm (D:2)
  4 dart slugs (D:1)
  5 leopard geckos
  5 orcs
  A ball python (D:2)
  9 giant cockroaches
  10 goblins
  17 hobgoblins
  10 jackals
  A quokka (D:2)
  9 bats
  6 frilled lizards
  13 kobolds
  3 rats
120 creatures vanquished.

Vanquished Creatures (others)
  An orc priest (D:4)
  2 orc wizards (D:4)
  3 orcs
  A ball python (D:3)
  A hobgoblin (D:3)
  A kobold (D:3)
  A bush (D:2)
  A plant (D:2)
11 creatures vanquished.

Grand Total: 131 creatures vanquished

Notes
Turn   | Place    | Note
-------+----------+-------------------------------------------
     0 | D:1      | Htamos the Hill Orc Fighter began the quest for the Orb.
     0 | D:1      | Reached XP level 1. HP: 19/19 MP: 1/1
    62 | D:1      | Reached skill level 3 in Axes
   184 | D:1      | Reached XP level 2. HP: 27/27 MP: 2/2
   426 | D:1      | Reached skill level 4 in Axes
   439 | D:1      | Reached XP level 3. HP: 32/33 MP: 3/3
  1116 | D:2      | Found a sparkling altar of Nemelex Xobeh.
  1127 | D:2      | Reached XP level 4. HP: 25/41 MP: 4/4
  1242 | D:2      | Found an iron altar of Okawaru.
  1242 | D:2      | Found an ornate altar of the Wu Jian Council.
  1242 | D:2      | Found an ancient bone altar of Kikubaaqudgha.
  1286 | D:2      | Noticed Natasha
  1290 | D:2      | Killed Natasha
  1290 | D:2      | Reached skill level 5 in Axes
  1320 | D:2      | Noticed Robin
  1335 | D:2      | Killed Robin
  1411 | D:2      | Noticed Natasha
  1424 | D:2      | Killed Natasha
  1424 | D:2      | Reached XP level 5. HP: 41/47 MP: 5/5
  1531 | D:2      | Found a glowing golden altar of the Shining One.
  1532 | D:2      | Found a shadowy altar of Dithmenos.
  1550 | D:2      | Reached skill level 6 in Axes
  1553 | D:2      | Reached skill level 5 in Fighting
  1778 | D:2      | Found a sparkling altar of Nemelex Xobeh.
  1900 | D:2      | Noticed Natasha
  1912 | D:2      | Killed Natasha
  1919 | D:2      | Found a faded altar of an unknown god.
  2372 | D:3      | Became a worshipper of Beogh the Brigand
  2419 | D:3      | Reached XP level 6. HP: 56/56 MP: 6/6
  2806 | D:3      | Found a burning altar of Makhleb.
  3230 | D:4      | Noticed Sigmund
  3241 | D:4      | Killed Sigmund
  3241 | D:4      | Reached * piety under Beogh
  3241 | D:4      | Reached skill level 7 in Axes
  3431 | D:4      | Noticed Blork the orc
  3455 | D:4      | Killed Blork the orc
  3455 | D:4      | Reached skill level 8 in Axes
  3455 | D:4      | Reached XP level 7. HP: 28/63 MP: 7/7
  3677 | D:4      | Found a runed gate.
  3677 | D:4      | Noticed grizmgrazm2's ghost (amateur FeTm)
  3678 | D:4      | Found a runed gate.
  3679 | D:4      | Found a runed gate.
  3920 | D:4      | Found a hide-covered altar of Uskayaw.
  4040 | D:4      | Found a staircase to the Ecumenical Temple.
  4134 | D:4      | Found a shadowy altar of Dithmenos.
  4199 | D:4      | Found a sacrificial altar of Ru.
  4342 | D:4      | Noticed Menkaure
  4350 | D:4      | Killed Menkaure
  4350 | D:4      | Reached skill level 9 in Axes
  4693 | D:4      | Noticed a steam dragon
  4693 | D:4      | a big kobold changed into a steam dragon
  4695 | D:4      | a steam dragon changed into an ice beast
  4705 | D:4      | Killed grizmgrazm2's ghost
  4705 | D:4      | Reached skill level 10 in Axes
  4705 | D:4      | Reached XP level 8. HP: 20/73 MP: 8/8
  4956 | D:5      | Entered Level 5 of the Dungeon
  5150 | D:5      | Noticed Grinder
  5162 | D:5      | Paralysed by Grinder for 3 turns
  5175 | D:5      | HP: 2/73 [Grinder/nerve-wracking pain (8)]
  5177 | D:5      | Slain by Grinder

Vault maps used:
D:1:      dpeg_arrival_lava_temple_mockup
D:2:      grunt_temple_overflow_open, gammafunk_temple_overflow_forgotten,
          first_ration, chequers_ecumenical_altar_island,
          nemelex_xobeh_ov_fountains_minmay, uniq_natasha, uniq_robin
D:3:      lemuel_coloured_pillars_altar
D:4:      old_standard_altar, eat_drink_and_be_merry_uskayaw,
          lemuel_temple_firewalk_b, gammafunk_ghost_nasty_kobolds,
          nicolae_dithmenos_through_a_glass_darkly, uniq_sigmund, uniq_menkaure,
          uniq_blork_the_orc
D:5:      uniq_grinder

Skill      XL: |  1  2  3  4  5  6  7 |
---------------+----------------------+-----
Axes           | 3 4 5 6 8 10 | 10.6
Fighting       | 4 5 6 7 |  7.6
Armour         | |  3.2
Shields        | |  3.2

Action                   |  1- 3 |  4- 6 |  7- 9 || total
-------------------------+-------+-------+-------++-------
Melee: War axe           |   157 |   180 |   110 ||   447
       Unarmed           |       |     7 |       ||     7
       Great mace        |       |    18 |       ||    18
Invok: Convert to Beogh  |       |     1 |       ||     1
Evoke: Wand              |       |     2 |     4 ||     6
  Use: Scroll            |     3 |       |     3 ||     6
       Potion            |       |     2 |     4 ||     6
 Stab: Confused          |       |     1 |       ||     1
  Eat: Chunk             |     1 |     8 |     5 ||    14
Armor: Scale mail        |    38 |       |       ||    38
       Ring mail         |    19 |    78 |    54 ||   151
       Skin              |       |     2 |       ||     2
Dodge: Dodged            |    43 |    75 |    45 ||   163
Block: Shield            |    54 |    74 |    30 ||   158

Table legend:
 A = Spawn XP
 B = Non-spawn XP
 C = Spawn XP percentage of total XP
 D = Spawn monster count
 E = Non-spawn monster count
 F = Spawn count percentage of total count
 G = Total turns spent on level
                    A         B        C        D         E        F      G
               +---------+---------+-------+---------+---------+-------+---------
         Total |       0 |    1667 |   0.0 |       0 |     120 |   0.0 |  5177
               +---------+---------+-------+---------+---------+-------+---------
           D:1 |       0 |      65 |   0.0 |       0 |      29 |   0.0 |   958
           D:2 |       0 |     228 |   0.0 |       0 |      37 |   0.0 |  1212
           D:3 |       0 |      56 |   0.0 |       0 |      27 |   0.0 |  1058
           D:4 |       0 |    1039 |   0.0 |       0 |      22 |   0.0 |  1728
           D:5 |       0 |     279 |   0.0 |       0 |       5 |   0.0 |   221
               +---------+---------+-------+---------+---------+-------+---------
